 Dungeon Crawl Stone Soup version 0.25-a0-975-gcae8493d64 (webtiles) character file.

Game seed: 13470597587229937987, levelgen mode: deterministic

67 Esekla the Conjurer (level 4, -1/38 HPs)
             Began as a Naga Conjurer on May 10, 2020.
             Slain by a leopard gecko (5 damage)
             ... on level 3 of the Dungeon.
             The game lasted 00:07:07 (576 turns).

Esekla the Conjurer (Naga Conjurer)                  Turns: 576, Time: 00:07:08

Health: -1/38      AC:  2    Str: 11    XL:     4   Next: 16%
Magic:  1/7        EV: 10    Int: 16    God:
Gold:   18         SH:  0    Dex: 11    Spells: 5/8 levels left

rFire    . . .     SeeInvis +   d - +1 flail (protect)
rCold    . . .     Gourm    .   (no shield)
rNeg     . . .     Faith    .   a - +0 robe
rPois    +         Spirit   .   (no helmet)
rElec    .         Reflect  .   (no cloak)
rCorr    .         Harm     .   (no gloves)
MR       .....                  (no barding)
Stlth    ++........             (no amulet)
HPRegen  0.12/turn              (no ring)
MPRegen  0.10/turn              (no ring)

@: very slow
A: large, see invisible, deformed body, poison resistance, slowness 2, slow
metabolism 1, spit poison 1, AC +1
a: Spit Poison


You were on level 3 of the Dungeon.
You were not hungry.

You visited 1 branch of the dungeon, and saw 3 of its levels.

You collected 18 gold pieces.

Inventory:

Hand Weapons
 b - a +0 spear
 d - a +1 flail of protection (weapon)
Armour
 a - a +0 robe (worn)
Scrolls
 f - a scroll of enchant armour {unknown}
Potions
 e - a potion of lignification {unknown}
 g - a potion of haste {unknown}
 h - a potion of heal wounds {unknown}
Comestibles
 c - 3 rations


   Skills:
 * Level 1.3 Fighting
 + Level 1.6 Dodging
 - Level 3.0 Stealth
 * Level 2.5 Spellcasting
 + Level 4.9 Conjurations


You had 5 spell levels left.
You knew the following spells:

 Your Spells              Type           Power        Failure   Level  Hunger
a - Magic Dart            Conj           ###.         2%          1    #......
e - Searing Ray           Conj           ###...       3%          2    ##.....

Your spell library contained the following spells:

 Spells                   Type           Power        Failure   Level  Hunger
 Dazzling Flash           Conj/Hex       #.....       22%         3    ###....
 Fulminant Prism          Conj/Hex       #.........   56%         4    #####..
 Iskenderun's Mystic Bla  Conj/Tloc      #.......     56%         4    #####..


Dungeon Overview and Level Annotations

Branches:
Dungeon (3/15)

Altars:
Uskayaw


Innate Abilities, Weirdness & Mutations

You cannot wear boots.
Your serpentine skin is tough. (AC +1)
You have supernaturally acute eyesight. (SInv)
Armour fits poorly on your strangely shaped body.
Your system is resistant to poisons. (rPois)
You cover ground very slowly.
You have a slow metabolism.
You can spit poison.


Message History

Aim: a hobgoblin, wielding a +0 club The searing ray hits the hobgoblin!
You kill the hobgoblin! (Press . to maintain the ray.) Without enough magic to sustain it, your searing ray dissipates.
You have got your breath back.
Press: ? - help, Shift-Dir - straight line, f - leopard gecko
Aim: a leopard gecko The splash of poison misses the leopard gecko.
You feel slightly more hungry.
The leopard gecko hisses menacingly.
You miss the leopard gecko. The leopard gecko bites you.
* * * LOW HITPOINT WARNING * * *
The leopard gecko barely misses you.
You barely miss the leopard gecko. The leopard gecko bites you.
* * * LOW HITPOINT WARNING * * *
You have got your breath back.
The leopard gecko bites you but does no damage.
The leopard gecko bites you.
You die...

#........
#........
#......g(
#........
#>..)....
#........
#........
#@l..)...
#..?.....
#########


You could see a gnoll sergeant (wandering) and a leopard gecko.

Vanquished Creatures
  2 gnolls (D:2)
  2 adders
  3 dart slugs
  A giant cockroach (D:1)
  3 goblins
  3 hobgoblins
  4 jackals (D:2)
  2 frilled lizards (D:2)
  2 kobolds (D:2)
22 creatures vanquished.

Notes
Turn   | Place    | Note
-------+----------+-------------------------------------------
     0 | D:1      | Esekla the Naga Conjurer began the quest for the Orb.
     0 | D:1      | Reached XP level 1. HP: 15/15 MP: 3/3
   216 | D:1      | Reached XP level 2. HP: 24/24 MP: 5/5
   220 | D:1      | Learned a level 2 spell: Searing Ray
   372 | D:2      | Reached XP level 3. HP: 20/30 MP: 3/6
   394 | D:3      | Noticed a gnoll sergeant
   399 | D:2      | Reached skill level 1 in Fighting
   506 | D:2      | Found a hide-covered altar of Uskayaw.
   558 | D:2      | Reached XP level 4. HP: 5/38 MP: 4/7
   576 | D:3      | Slain by a leopard gecko

Illustrated notes

Levels and vault maps discovered:
D:1:      dpeg_arrival_houses_and_road, layout_rooms, hex_medium
D:2:      layout_loops_ring, eat_drink_and_be_merry_uskayaw,
          nicolae_overflow_crystal_walls
D:3:      layout_rooms, grunt_temple_overflow_open, gup_sewer_entry_pipe,
          first_ration

Skill      XL: |  1  2  3 |
---------------+----------+-----
Fighting       | 1 |  1.3
Dodging        | |  1.6
Stealth        | |  3.0
Spellcasting   | |  2.5
Conjurations   | |  4.9

Action                   |  1- 3 |  4- 6 || total
-------------------------+-------+-------++-------
Melee: Unarmed           |     2 |       ||     2
       Flail             |    12 |     2 ||    14
 Cast: Magic Dart        |     6 |       ||     6
       Searing Ray       |     7 |     1 ||     8
 Abil: Spit Poison       |     9 |     2 ||    11
Armor: Robe              |     4 |     1 ||     5
Dodge: Dodged            |    22 |     1 ||    23

Table legend:
 A = Non-vault XP
 B = Vault XP
 C = Vault XP percentage of total XP
 D = Non-vault monster count
 E = Vault monster count
 F = Vault count percentage of total count
                 A         B        C        D         E       F
            +---------+---------+-------+---------+---------+-------
      Total |      96 |       0 |   0.0 |      22 |       0 |   0.0
            +---------+---------+-------+---------+---------+-------
        D:1 |      12 |       0 |   0.0 |       4 |       0 |   0.0
        D:2 |      68 |       0 |   0.0 |      16 |       0 |   0.0
        D:3 |      16 |       0 |   0.0 |       2 |       0 |   0.0
            +---------+---------+-------+---------+---------+-------
